 Dungeon Crawl Stone Soup version 0.24.1-11-gbbbb2193e6 (webtiles) character file.

Game seed: 11234600594702097921, levelgen mode: deterministic

67 HagarQim the Covered (level 4, -1/40 HPs)
             Began as a Minotaur Fighter on May 13, 2020.
             Slain by an adder (3 damage)
             ... on level 2 of the Dungeon.
             The game lasted 00:03:05 (1094 turns).

HagarQim the Covered (Minotaur Fighter)             Turns: 1094, Time: 00:03:05

Health: -1/40      AC:  7    Str: 25    XL:     4   Next: 0%
Magic:  3/3        EV:  8    Int:  5    God:
Gold:   49         SH: 10    Dex:  9    Spells: 3/3 levels left

rFire    . . .     SeeInvis .   a - +0 flail
rCold    . . .     Gourm    .   c - +0 shield
rNeg     . . .     Faith    .   b - +0 scale mail
rPois    .         Spirit   .   (helmet restricted)
rElec    .         Reflect  .   (no cloak)
rCorr    .         Harm     .   (no gloves)
MR       .....                  (no boots)
Stlth    ..........             n - amulet of inaccuracy (curse)
HPRegen  0.13/turn              j - +3 ring of strength
MPRegen  0.08/turn              (no ring)

@: lethally poisoned (-1 -> -4)
A: retaliatory headbutt, horns 2
a: no special abilities


You were on level 2 of the Dungeon.
You were hungry.

You visited 1 branch of the dungeon, and saw 2 of its levels.

You collected 49 gold pieces.

Inventory:

Hand Weapons
 a - a +0 flail (weapon)
 k - a +2 dagger of flaming
Missiles
 i - 17 bolts
Armour
 b - a +0 scale mail (worn)
 c - a +0 shield (worn)
Jewellery
 j - a +3 ring of strength (left hand)
 n - a cursed amulet of inaccuracy (around neck)
Scrolls
 e - 2 scrolls of fear
 m - 2 scrolls of noise
Potions
 d - a potion of might
 g - 2 potions of lignification {unknown}
 h - 2 potions of curing
 l - 2 potions of haste {unknown}
Comestibles
 f - 7 rations


   Skills:
 + Level 4.1 Fighting
 + Level 3.1 Maces & Flails
 + Level 4.6 Armour
 + Level 0.5 Dodging
 + Level 4.2 Shields


You had 3 spell levels left.
You didn't know any spells.
Your spell library was empty.

Dungeon Overview and Level Annotations

Branches:
Dungeon (2/15)

Altars:


Innate Abilities, Weirdness & Mutations

You reflexively headbutt those who attack you in melee.
You have a pair of horns on your head.


Message History

You block the adder's attack.
You miss the adder. The adder bites you but does no damage.
You block the adder's attack. x2
Your shield prevents you from hitting the adder.
* * * LOW HITPOINT WARNING * * *
You feel sick.
The adder bites you but does no damage. x3
You barely miss the adder.
* * * LOW HITPOINT WARNING * * *
You feel sick. The adder bites you but does no damage.
The adder completely misses you. The adder barely misses you.
The adder bites you.
* * * LOW HITPOINT WARNING * * *
You miss the adder. The adder bites you but does no damage.
You block the adder's attack. The adder bites you but does no damage.
You miss the adder. Your headbutt misses the adder.
* * * LOW HITPOINT WARNING * * *
You feel sick. You block the adder's attack.
The adder bites you but does no damage. x3
You miss the adder. The adder bites you.
You die...

####. ##... ##...##
##.. ##.....## #
...####.......##.#
###................#
.....# #....S..#
#...# #..@S.# #...#
#.###.# ###...####<#
.. #..........# ...
###.###.####.....#
..# # #.....#.#
####### .#
#.#.<...#.# .
#.........#
##.....###


You could see 2 adders.

Vanquished Creatures
  Terence (D:2)
  An adder (D:2)
  A worm (D:2)
  2 dart slugs (D:1)
  A leopard gecko (D:1)
  3 giant cockroaches (D:1)
  4 goblins
  2 hobgoblins (D:1)
  A ball python (D:2)
  6 bats
  2 frilled lizards (D:1)
  4 kobolds
28 creatures vanquished.

Notes
Turn   | Place    | Note
-------+----------+-------------------------------------------
     0 | D:1      | HagarQim the Minotaur Fighter began the quest for the Orb.
     0 | D:1      | Reached XP level 1. HP: 19/19 MP: 0/0
   293 | D:1      | Reached XP level 2. HP: 27/27 MP: 1/1
   794 | D:2      | Reached XP level 3. HP: 28/33 MP: 2/2
  1070 | D:2      | Noticed Terence
  1075 | D:2      | Killed Terence
  1075 | D:2      | Reached XP level 4. HP: 32/40 MP: 3/3
  1091 | D:2      | HP: 2/40 [adder (1)]
  1094 | D:2      | Slain by an adder

Levels and vault maps discovered:
D:1:      onia_arrival_mini_spirals, layout_loops_ring
D:2:      layout_loops_ring, old_standard_altar, okawaru_ov_weapons_minmay,
          uniq_terence

Skill      XL: |  1  2  3 |
---------------+----------+-----
Armour         | 4 |  4.6
Fighting       | 4 |  4.1
Shields        | 4 |  4.2
Maces & Flails | 3 |  3.1
Dodging        | |  0.5

Action                   |  1- 3 |  4- 6 || total
-------------------------+-------+-------++-------
Melee: Flail             |   108 |    19 ||   127
       Headbutt          |     7 |       ||     7
  Use: Scroll            |     5 |       ||     5
Armor: Scale mail        |    49 |    20 ||    69
Dodge: Dodged            |    49 |    10 ||    59
Block: Shield            |    69 |    21 ||    90
